 Dungeon Crawl Stone Soup version 0.27.0-1-g7a089689b8 (webtiles) character file.

Game seed: 13975539476106910847

10512 mdonais the Fighter (level 11, -1/95 HPs)
             Began as a Formicid Delver on July 31, 2021.
             Killed by refrigeration
             ... invoked by Fannar
              (23 damage)
             ... on level 10 of the Dungeon.
             The game lasted 01:00:44 (10953 turns).

mdonais the Fighter (Formicid Delver)              Turns: 10953, Time: 01:00:44

Health: -1/95      AC: 15    Str: 20    XL:     11   Next: 94%
Magic:  11/11      EV: 14    Int: 10    God:
Gold:   1095       SH:  4    Dex: 12    Spells: 10/10 levels left

rFire    . . .     SeeInvis +   M - +3 great sword (venom)
rCold    . . .     Faith    .   O - +0 buckler
rNeg     . . .     Spirit   .   G - +0 plate armour
rPois    .         Reflect  .   (helmet unavailable)
rElec    .         Harm     .   b - +0 cloak
rCorr    .         Rampage  .   S - +0 pair of gloves
Will     +....                  (no boots)
Stlth    ..........             r - amulet of regeneration
HPRegen  1.25/turn              u - +4 ring of evasion
MPRegen  0.12/turn              p - +4 ring of evasion

@: no status effects
A: permanent stasis, dig shafts and tunnels, antennae 3, four strong arms
a: Dig, Shaft Self


You were on level 10 of the Dungeon.
You visited 2 branches of the dungeon, and saw 11 of its levels.

You collected 1095 gold pieces.

Inventory:

Hand Weapons
 k - a +4 triple sword of holy wrath
   (You acquired it on level 8 of the Dungeon)
 n - a +2 whip of electrocution
   (You found it on level 8 of the Dungeon)
 M - a +3 great sword of venom (weapon)
   (You took it off a wight on level 8 of the Dungeon)
 N - a +1 dagger of electrocution
   (You took it off an orc wizard on level 9 of the Dungeon)
Missiles
 d - 297 arrows
 f - 173 stones
 j - 56 bolts
 o - 33 poisoned darts (quivered)
 v - 7 javelins
 x - 3 silver javelins
 F - 2 curare-tipped darts
 J - 37 sling bullets
 Z - a throwing net {=!f}
Armour
 b - a +0 cloak (worn)
   (You found it on level 8 of the Dungeon)
 g - a scarf of harm
   (You found it on level 6 of the Dungeon)
 G - a +0 plate armour (worn)
   (You took it off an orc warrior on level 6 of the Dungeon)
 H - a +0 robe of resistance
   (You took it off a wight on level 9 of the Dungeon)
 K - the +0 pair of boots "Peterez" {Harm Dex+4}
   (You found it on level 9 of the Dungeon)

   Dex:       It affects your dexterity (+4).
   Harm:      It increases damage dealt and taken.
 O - a +0 buckler (worn)
   (You found it on level 9 of the Dungeon)
 S - a +0 pair of gloves (worn)
   (You found it on level 9 of the Dungeon)
Jewellery
 p - a +4 ring of evasion (right hand)
   (You found it on level 7 of the Dungeon)
 r - an amulet of regeneration (around neck)
   (You found it on level 2 of the Dungeon)
 u - a +4 ring of evasion (left hand)
   (You found it on level 2 of the Dungeon)
 C - a +6 ring of strength
   (You found it on level 5 of the Dungeon)
 T - a +6 ring of intelligence
   (You found it on level 9 of the Dungeon)
Wands
 y - a wand of polymorph (8)
   (You found it on level 2 of the Dungeon)
 D - a wand of digging (3)
 I - a wand of iceblast (9)
   (You took it off Joseph on level 8 of the Dungeon)
 P - a wand of paralysis (22)
   (You found it on level 7 of the Dungeon)
 U - a wand of charming (8)
   (You found it on level 10 of the Dungeon)
Scrolls
 a - a scroll of noise {unknown}
 c - 3 scrolls of fog
 e - a scroll of fear
 h - 3 scrolls of silence
 q - 2 scrolls of vulnerability {unknown}
 s - a scroll of summoning
 w - a scroll of enchant weapon {unknown}
 A - a scroll of brand weapon
 E - 2 scrolls of amnesia {unknown}
 L - a scroll of immolation {unknown}
 R - a scroll of identify
Potions
 i - a potion of magic {unknown}
 l - 2 potions of degeneration {unknown}
 m - 3 potions of attraction
 t - 2 potions of heal wounds
 z - 2 potions of mutation {unknown}
 B - a potion of flight {unknown}
 Q - 4 potions of curing


   Skills:
 + Level 12.2 Fighting
 - Level 2.4(7.3) Short Blades
 + Level 10.7(10.9) Long Blades
 - Level 5.0 Throwing
 * Level 6.8 Armour
 - Level 1.7 Dodging
 - Level 6.0 Stealth
 - Level 2.0 Shields
 - Level 4.0 Evocations


You had 10 spell levels left.
You didn't know any spells.
Your spell library contained the following spells:

 Spells                   Type           Power      Damage    Failure   Level
 Call Canine Familiar     Summ           0%         N/A       100%        3
 Portal Projectile        Hex/Tloc       0%         N/A       100%        3
 Leda's Liquefaction      Hex/Erth       0%         N/A       100%        4
 Bolt of Magma            Conj/Fire/Erth 0%         4d4       100%        5
 Statue Form              Tmut/Erth      0%         N/A       100%        6


Dungeon Overview and Level Annotations

Branches:
Dungeon (10/15)            Temple (1/1) D:7            Lair (0/6) D:9
    Orc: D:9-12

Altars:
Ashenzari
Cheibriados
Dithmenos
Elyvilon
Fedhas
Gozag
Hepliaklqana
Kikubaaqudgha
Makhleb
Nemelex Xobeh
Qazlal
Ru
Sif Muna
Trog
Uskayaw
Vehumet
Wu Jian
Xom
Zin
The Shining One

Shops:
D:5 *   D:9 *

Annotations:
D:4 Blork the orc, Ijyb
D:8 1 runed translucent door, Nausicaa's ghost, amateur TrDe
D:10 Fannar


Innate Abilities, Weirdness & Mutations

You cannot be hasted, slowed, berserked, paralysed or teleported.
You can dig through walls and to a lower floor.
You have a pair of large antennae on your head. (SInv)
Your four strong arms can wield two-handed weapons with a shield.


Message History

Press: ? - help, Q - select action, (/) - cycle Shift-Dir - straight line, f/p - electric eel
Aim: an electric eel (water, lightly wounded, very poisoned, 50% to hit)
You throw a poisoned dart.
The poisoned dart hits the electric eel!
The electric eel looks as sick as possible!
The electric eel is lightly wounded.
You hear a splash.
You regained 2 hp, and now have 74/95 hp.
You regained 2 hp, and now have 79/95 hp.
You feel a bit more experienced.
You regained 2 hp, and now have 84/95 hp.
Throw: 38 darts (poison)
Press: ? - help, Q - select action, (/) - cycle Shift-Dir - straight line, f - electric eel
Aim: an electric eel (water, wandering, hasn't noticed you, 48% to hit)
You throw a poisoned dart.
The poisoned dart barely misses the electric eel.
You hear a splash.
Throw: 37 darts (poison)
Press: ? - help, Q - select action, (/) - cycle Shift-Dir - straight line, f/p - electric eel
Aim: an electric eel (water, 51% to hit)
You throw a poisoned dart.
The poisoned dart hits the electric eel.
The electric eel is poisoned.
The electric eel shoots out a bolt of lightning at you!
The bolt of electricity hits you.
You take 4 damage, and have 83/95 hp.
Throw: 36 darts (poison)
Press: ? - help, Q - select action, (/) - cycle Shift-Dir - straight line, f/p - electric eel
Aim: an electric eel (water, poisoned, 50% to hit)
You throw a poisoned dart.
The poisoned dart hits the electric eel.
The electric eel looks even sicker.
Throw: 35 darts (poison)
Press: ? - help, Q - select action, (/) - cycle Shift-Dir - straight line, f/p - electric eel
Aim: an electric eel (water, lightly wounded, very poisoned, 50% to hit)
You throw a poisoned dart.
The poisoned dart hits the electric eel!
The electric eel looks as sick as possible!
The electric eel is lightly wounded.
You hear a splash.
The electric eel shoots out a bolt of lightning at you!
The bolt of electricity hits you.
You take 2 damage, and have 82/95 hp.
You regained 2 hp, and now have 86/95 hp.
Throw: 34 darts (poison)
Press: ? - help, Q - select action, (/) - cycle Shift-Dir - straight line, f/p - electric eel
Aim: an electric eel (water, heavily wounded, very poisoned, 51% to hit)
You throw a poisoned dart.
The poisoned dart hits the electric eel!
The electric eel looks as sick as possible!
The electric eel is heavily wounded.
You hear a splash.
You hear a splash.
You feel a bit more experienced.
You regained 2 hp, and now have 92/95 hp.
A kobold comes into view. It is wielding a +0 short sword.
The kobold shouts!
Health restored: 95 A kobold is nearby!
A kobold brigand comes into view.
It is wielding a +0 club and quivering curare-tipped darts.
The kobold brigand shouts!
A kobold comes into view. It is wielding a +0 dagger.
The kobold shouts!
The kobold hits you but does no damage.
You slash the kobold!
You kill the kobold!
You block the kobold brigand's attack.
You slice the kobold brigand!!
The kobold brigand is almost dead.
The kobold brigand misses you.
You slash the kobold brigand!
You kill the kobold brigand!
The kobold hits you but does no damage.
You barely miss the kobold. The kobold closely misses you.
You hit the kobold.
You kill the kobold!
No target in view!
F - 2 curare-tipped darts (gained 1)
Things that are here:
a +0 club; a +0 short sword; a kobold corpse
Things that are here:
a +0 dagger; a kobold corpse You enter the shallow water.
Moving in this stuff is going to be slow.
You enter the shallow water.
Moving in this stuff is going to be slow.
Found a dagger.
There is a stone staircase leading down here.
Found a falchion.
You see here a +0 falchion.
P - a wand of paralysis (22) (gained 4 charges)
Found a sparkling altar of Nemelex Xobeh.
U - a wand of charming (8)
Found a ring mail.
You sense a monster nearby.
Found a scale mail.
No target in view!
Fannar the Cold-Hearted comes into view.
They are wielding a +0 quarterstaff of freezing and wearing a +1 robe of cold resistance.
Fannar shouts!
Aiming: Polymorph
Press: ? - help, Shift-Dir - straight line, f - Fannar
Aim: Fannar, wielding a +0 quarterstaff of freezing, wearing a +1 robe of cold resistance and wearing a ring of ice (will become a shapeshifter, a glowing shapeshifter, or an eye of devastation, chance to affect: 12%)
Okay, then.
Unknown command.
Aiming: Paralyse
Press: ? - help, Shift-Dir - straight line, f - Fannar
Aim: Fannar, wielding a +0 quarterstaff of freezing, wearing a +1 robe of cold resistance and wearing a ring of ice (chance to affect: 12%)
Okay, then.
Unknown command.
Okay, then.
You miss Fannar.
Fannar mumbles some strange words.
Your plate armour prevents you from hitting Fannar.
Fannar misses you.
You slash Fannar!
Fannar is poisoned.
Fannar is lightly wounded.
Fannar points at you and mumbles some strange words.
The bolt of cold hits you!! The ice beast misses you.
You take 35 damage, and have 60/95 hp.
MASSIVE DAMAGE!!
You slash Fannar!
Fannar is moderately wounded.
Fannar hits you but does no damage.
The ice beast hits you but does no damage.
You closely miss Fannar.
Fannar is moderately wounded.
Fannar casts a spell.
The ice beast misses you.
You regained 2 hp, and now have 63/95 hp.
You closely miss Fannar.
Fannar is moderately wounded.
Fannar mumbles some strange words.
Fannar drains the heat from the surrounding environment!
The ice beast closely misses you.
The ice beast hits you but does no damage.
Fannar hits you but does no damage. The ice beast misses you.
You riposte.
You hit the ice beast.
The ice beast is lightly wounded.
You take 16 damage, and have 47/95 hp.
You regained 2 hp, and now have 50/95 hp.
Some snowflakes condense on Fannar.
Fannar drinks a potion.
Fannar is healed!
You regained 2 hp, and now have 55/95 hp.
Fannar mumbles some strange words.
Fannar drains the heat from the surrounding environment!
* * * LOW HITPOINT WARNING * * *
You take 34 damage, and have 21/95 hp.
MASSIVE DAMAGE!!
Are you sure you want to shaft yourself?
Fannar casts a spell.
Fannar drains the heat from the surrounding environment!
You die...

#####
#######...##############
......⌠.⌠...........>..###
......._..##.###.........#
......⌠.⌠###.# #.........#
........## #.# #.........####
........# ##.###.Y..........#
......#.# #.....@Y..........#
......#.###..########e......#
......#..##..# #.......#
......##.# ..### #.......#
###### #.##..................
#..#..########........
##.#..# #.....[.. ######....#
#..[..... #..........#
########.


You could see Fannar (very poisoned) and 2 ice beasts.

Vanquished Creatures
  Gastronok (D:8)
  A centaur warrior (D:9)
  A two-headed ogre (D:9)
  Joseph (D:8)
  A troll (D:9)
  Prince Ribbit (D:8)
  Sigmund (D:5)
  6 yaks (D:9)
  4 steam dragons
  6 water moccasins
  4 ice beasts
  2 orc warriors
  2 black bears
  2 necrophages
  2 sky beasts
  3 ogres
  3 centaurs
  A phantom (D:4)
  2 kobold brigands
  2 bullfrogs
  A gnoll sergeant (D:9)
  7 scorpions
  A wyvern skeleton (D:6)
  5 killer bees
  4 howler monkeys
  10 wights
  3 electric eels (D:10)
  3 centaur zombies
  A bullfrog zombie (D:5)
  4 hounds
  5 jellies
  A centaur skeleton (D:4)
  A gnoll shaman (D:7)
  5 orc priests
  A bullfrog skeleton (D:6)
  2 iguanas
  2 orc wizards (D:9)
  A hound zombie (D:5)
  A hound skeleton (D:5)
  A howler monkey zombie (D:6)
  7 gnolls
  9 adders
  A white imp (D:4)
  An ufetubus (D:5)
  3 adder skeletons (D:4)
  5 worms
  5 dart slugs
  27 orcs
  16 endoplasms
  A giant cockroach (D:4)
  5 goblins
  4 hobgoblins
  16 jackals
  3 quokkas
  7 ball pythons
  4 bats (D:1)
  4 frilled lizards
  15 kobolds
  14 rats
252 creatures vanquished.

Vanquished Creatures (others)
  Maurice (D:8)
  A gnoll (D:9)
  3 fungi
  5 plants
  7 toadstools (D:2)
17 creatures vanquished.

Grand Total: 269 creatures vanquished

Notes
Turn   | Place    | Note
-------+----------+-------------------------------------------
     0 | D:5      | mdonais the Formicid Delver began the quest for the Orb.
     0 | D:5      | Reached XP level 1. HP: 18/18 MP: 1/1
   166 | D:5      | Noticed a scorpion
   173 | D:5      | Noticed a water moccasin
   227 | D:4      | Reached XP level 2. HP: 15/24 MP: 2/2
   404 | D:4      | Found a hide-covered altar of Uskayaw.
   542 | D:2      | Found a faded altar of an unknown god.
   790 | D:1      | Reached skill level 4 in Fighting
   835 | D:1      | Reached XP level 3. HP: 30/30 MP: 3/3
  1729 | D:2      | Reached XP level 4. HP: 38/38 MP: 4/4
  1867 | D:2      | Reached skill level 5 in Fighting
  2872 | D:3      | Reached XP level 5. HP: 44/44 MP: 5/5
  2944 | D:3      | Reached skill level 1 in Armour
  3192 | D:3      | Reached skill level 6 in Fighting
  3545 | D:3      | Reached XP level 6. HP: 51/52 MP: 6/6
  3771 | D:4      | Reached skill level 1 in Throwing
  3856 | D:4      | Reached skill level 1 in Long Blades
  3856 | D:4      | Reached XP level 7. HP: 24/59 MP: 7/7
  4148 | D:4      | Noticed Ijyb
  4451 | D:4      | Noticed Blork the orc
  4587 | D:5      | Found a glowing silver altar of Zin.
  4621 | D:4      | Reached skill level 5 in Long Blades
  4621 | D:4      | Reached XP level 8. HP: 57/65 MP: 8/8
  4848 | D:5      | Noticed Sigmund
  4907 | D:5      | Found Zin's Purification Station.
  4945 | D:5      | Reached skill level 7 in Fighting
  5171 | D:5      | Reached skill level 8 in Fighting
  5482 | D:5      | Killed Sigmund
  5483 | D:5      | Reached XP level 9. HP: 60/75 MP: 9/9
  5498 | D:5      | Found a blossoming altar of Fedhas.
  5733 | D:6      | Reached skill level 9 in Fighting
  6082 | D:6      | Reached skill level 10 in Fighting
  6121 | D:6      | Identified a scroll of acquirement
  6122 | D:6      | Acquired 426 gold pieces
  6494 | D:6      | Found a stormy altar of Qazlal.
  6691 | D:7      | Reached skill level 5 in Armour
  6691 | D:7      | Reached XP level 10. HP: 73/85 MP: 10/10
  7063 | D:7      | Found a staircase to the Ecumenical Temple.
  7071 | Temple   | Entered the Ecumenical Temple
  8152 | D:8      | Noticed Joseph
  8171 | D:8      | Killed Joseph
  8494 | D:8      | Noticed Gastronok
  8530 | D:8      | Noticed Maurice
  8531 | D:8      | Killed Gastronok
  8532 | D:8      | Reached skill level 11 in Fighting
  8532 | D:8      | Reached skill level 5 in Throwing
  8532 | D:8      | Reached XP level 11. HP: 67/93 MP: 11/11
  8642 | D:8      | Found a radiant altar of Vehumet.
  9223 | D:8      | Noticed Prince Ribbit
  9229 | D:8      | Killed Prince Ribbit
  9398 | D:8      | Found a runed translucent door.
  9398 | D:8      | Identified the +9 trident of Dividends {antimagic, *Corrode
                  | Str+7 Dex+2 Stlth+}
  9398 | D:8      | Noticed Nausicaa's ghost (amateur TrDe)
  9399 | D:8      | Acquired a +4 triple sword of holy wrath
  9471 | D:8      | Killed Maurice
  9737 | D:9      | Noticed a two-headed ogre
  9738 | D:9      | Noticed a centaur warrior
  9749 | D:9      | Killed a centaur warrior
  9750 | D:9      | Reached skill level 10 in Long Blades
  9901 | D:9      | Killed a two-headed ogre
  9931 | D:9      | Identified the +0 pair of boots "Peterez" {Harm Dex+4}
 10065 | D:9      | Found a broken altar of Ashenzari.
 10146 | D:9      | Found Pyorghia's General Store.
 10161 | D:9      | Reached skill level 1 in Shields
 10167 | D:9      | Reached skill level 12 in Fighting
 10520 | D:9      | Found a staircase to the Lair.
 10722 | D:10     | Entered Level 10 of the Dungeon
 10909 | D:10     | Found a sparkling altar of Nemelex Xobeh.
 10939 | D:10     | Noticed Fannar
 10953 | D:10     | Killed from afar by Fannar

Illustrated notes

Levels and vault maps discovered:
D:1:      dpeg_arrival_brainrot, layout_loops_ring
D:2:      cheibrodos_fertilizer, layout_loops_corners,
          ebering_ecumenical_altar_box, serial_forest,
          infiniplex_forest_end_double, infiniplex_forest_clump_medium,
          infiniplex_forest_3_way, infiniplex_forest_side_room,
          infiniplex_forest_diagonal
D:3:      layout_loops_cross, lightli_sewer_entry_pipes, amethyst_killhole,
          serial_bayou_pond_d, minmay_misc_feat_rows, minmay_misc_feat_chi
D:4:      minmay_door_path, layout_rooms, mainiacjoe_overflow_surrounded_room,
          serial_curves, eino_curves_04, eino_curves_01, minmay_bent,
          uniq_blork_the_orc, uniq_ijyb
D:5:      layout_cave_pools, lemuel_tele_altar, zin_purify, uniq_sigmund
D:6:      layout_cave_pods, grunt_qazlal_clouds, item_on_display_a
D:7:      layout_layer_cave, minmay_temple_entry_gardened_gates
D:8:      layout_layer_cave, mainiacjoe_overflow_24_doors,
          ebering_ghost_funeral_grove, uniq_maurice, uniq_prince_ribbit1,
          uniq_joseph, uniq_gastronok
D:9:      hangedman_cross_stitches, layout_loops_cross,
          mainiacjoe_overflow_boulevard, lair_entry_dummy, serial_shops,
          nicolae_shop_temple_entry_statues_fountains
D:10:     layout_basic, nicolae_yredelemnul_corpse_copse,
          nemelex_xobeh_ov_fountains_minmay,
          mainiacjoe_overflow_six_doors_small, orc_0_dummy,
          nicolae_shop_gadgets, uniq_nergalle, uniq_fannar
Temple:   dshaligram_water_room_temple

Skill      XL: |  1  2  3  4  5  6  7  8  9 10 11 |
---------------+----------------------------------+-----
Fighting       | 4 5 6 8 10 11 12 | 12.2
Armour         | 1 2 5 6 |  6.8
Throwing       | 1 2 3 5 |  5.0
Long Blades    | 1 5 6 7 9 10 | 10.7
Evocations     | 4 |  4.0
Shields        | 2 |  2.0
Short Blades   | |  2.4
Dodging        | |  1.7
Stealth        | |  6.0

Action                   |  1- 3 |  4- 6 |  7- 9 | 10-12 || total
-------------------------+-------+-------+-------+-------++-------
Melee: Short sword       |    50 |   268 |       |       ||   318
       Scimitar          |       |       |   164 |   114 ||   278
       Great sword       |       |       |       |   104 ||   104
 Fire: Hunting sling     |    40 |    90 |    87 |       ||   217
Throw: Stone             |     3 |       |     5 |       ||     8
       Dart              |       |       |     8 |    38 ||    46
       Javelin           |       |       |    14 |    34 ||    48
 Abil: Dig               |     1 |       |     2 |       ||     3
       Shaft Self        |       |       |       |     1 ||     1
Evoke: Wand              |       |       |       |     5 ||     5
  Use: Scroll            |     1 |     3 |     5 |     5 ||    14
       Potion            |       |     1 |       |       ||     1
 Stab: Sleeping          |    10 |     4 |       |       ||    14
Armor: Leather armour    |    10 |     1 |       |       ||    11
       Ring mail         |       |    25 |     9 |       ||    34
       Skin              |       |    11 |       |       ||    11
       Chain mail        |       |       |    27 |       ||    27
       Plate armour      |       |       |     6 |    93 ||    99
Dodge: Dodged            |    25 |   139 |    81 |   119 ||   364
Block: Buckler           |       |       |       |    15 ||    15
       Rpst.: Scimitar   |       |       |    20 |    18 ||    38
       Great sword       |       |       |       |    10 ||    10
